 Dungeon Crawl Stone Soup version 0.20.1-1-g8b1a95d (webtiles) character file.

14038 tidbits the Martial Artist (level 11, -8/92 HPs)
             Began as a Demigod Transmuter on Aug 19, 2017.
             Mangled by an eight-headed hydra (13 damage)
             ... on level 11 of the Dungeon.
             The game lasted 00:54:15 (5978 turns).

tidbits the Martial Artist (Demigod Transmuter)     Turns: 5978, Time: 00:54:15

Health: -8/92      AC: 10    Str: 13    XL:     11   Next: 54%
Magic:  7/19       EV: 17    Int: 23    God:
Gold:   673        SH:  0    Dex: 21    Spells: 5/16 levels left

rFire    + . .     SeeInvis +     - Unarmed
rCold    . . .     Gourm    .   (shield currently unavailable)
rNeg     . . .     Faith    .   B - +3 leather armour {rF+}
rPois    +         Spirit   .   E - +2 helmet
rElec    .         Reflect  .   (no cloak)
rCorr    .         Harm     .   (gloves currently unavailable)
MR       ++...                  F - +0 pair of boots of Least Resistance {Dex+5 SInv Stlth-}
Stlth    +.........             (no amulet)
Regen    0.3/turn               P - ring of poison resistance
MPRegen  0.2/turn               H - ring of protection from magic

@: blade hands (expiring), barbed spikes
A: high mp 1
a: End Transformation


You were on level 11 of the Dungeon.
You were hungry.
You had blades for hands.
You visited 2 branches of the dungeon, and saw 12 of its levels.
You also visited: Volcano.

You collected 673 gold pieces.

Inventory:

Hand Weapons
 z - a +1 arbalest of flaming
   (You found it in a volcano)
 C - the +9 staff of Olgreb {rPois}
   (You found it on level 8 of the Dungeon)

   It protects you from poison.
 W - a +0 hunting sling of flaming
   (You took it off Joseph on level 10 of the Dungeon)
Missiles
 a - 48 arrows
 e - 3 poisoned javelins (quivered)
 j - 17 tomahawks
 S - 2 throwing nets {!f}
 X - 23 sling bullets
Armour
 v - a +1 robe of magic resistance
   (You took it off an orc wizard on level 10 of the Dungeon)
 w - a +2 robe of fire resistance
   (You took it off a wizard in a volcano)
 y - a +0 pair of boots
 B - a +3 leather armour of fire resistance (worn)
   (You found it in a volcano)
 E - a +2 helmet (worn)
 F - the +0 pair of boots of Least Resistance (worn) {Dex+5 SInv Stlth-}
   (You found it in a volcano)

   It affects your dexterity (+5).
   It lets you see invisible.
   It makes you less stealthy.
 G - a +0 pair of gloves (melded)
 V - a +1 scale mail of cold resistance
   (You found it on level 10 of the Dungeon)
Jewellery
 b - an uncursed ring of positive energy
   (You found it on level 1 of the Dungeon)
 l - an uncursed ring of resist corrosion
   (You found it on level 2 of the Dungeon)
 H - a ring of protection from magic (right scythe-like blade)
   (You found it on level 6 of the Dungeon)
 P - a ring of poison resistance (left scythe-like blade)
   (You found it on level 5 of the Dungeon)
 T - an uncursed ring of stealth
   (You found it on level 9 of the Dungeon)
 U - an uncursed ring of stealth
   (You found it on level 10 of the Dungeon)
Wands
 t - a wand of digging (14/24)
 A - a wand of clouds (3/9)
 I - a wand of flame (38/48)
Scrolls
 f - 3 scrolls of enchant weapon
 h - 2 scrolls of immolation
 i - 7 scrolls of remove curse
 n - 2 scrolls of fear {unknown}
 o - 3 scrolls of amnesia {unknown}
 p - 2 scrolls of magic mapping
 r - 3 scrolls of teleportation
 s - 2 scrolls of blinking {unknown}
 O - a scroll of recharging {unknown}
 Q - a scroll of fog {unknown}
Potions
 q - 2 potions of brilliance {unknown}
 x - a potion of agility {unknown}
 D - a potion of cancellation {unknown}
 J - a potion of heal wounds
 L - a potion of ambrosia {unknown}
 N - a potion of invisibility {unknown}
 R - 2 potions of curing
 Y - a potion of haste
Books
 c - a book of Changes

   Spells                             Type                      Level
   a - Beastly Appendage              Transmutation                1
   b - Sticks to Snakes               Transmutation                2
   c - Spider Form                    Transmutation/Poison         3
   d - Ice Form                       Ice/Transmutation            4
   e - Blade Hands                    Transmutation                5
 g - a Young Poisoner's Handbook
   (You found it on level 1 of the Lair of Beasts)

   Spells                             Type                      Level
   a - Sting                          Conjuration/Poison           1
   b - Poisonous Vapours              Poison/Air                   2
   c - Mephitic Cloud                 Conjuration/Poison/Air       3
   d - Olgreb's Toxic Radiance        Poison                       4
   e - Venom Bolt                     Conjuration/Poison           5
 u - a book of Enchantments
   (You found it on level 1 of the Lair of Beasts)

   Spells                             Type                      Level
   a - Cause Fear                     Hexes                        4
   b - Yara's Violent Unravelling     Hexes/Transmutation          5
   c - Silence                        Hexes/Air                    5
   d - Deflect Missiles               Charms/Air                   6
   e - Discord                        Hexes                        8
 K - a book of Clouds
   (You found it on level 8 of the Dungeon)

   Spells                             Type                      Level
   a - Poisonous Vapours              Poison/Air                   2
   b - Mephitic Cloud                 Conjuration/Poison/Air       3
   c - Conjure Flame                  Conjuration/Fire             3
   d - Freezing Cloud                 Conjuration/Ice/Air          6
   e - Ring of Flames                 Charms/Fire                  7
Comestibles
 d - 5 bread rations
 k - 7 meat rations
 m - 2 fruits
 M - 5 royal jellies


   Skills:
 + Level 7.1 Fighting
 + Level 7.2 Dodging
 * Level 11.3 Unarmed Combat
 - Level 3.3 Spellcasting
 - Level 9.3 Transmutations


You had 5 spell levels left.
You knew the following spells:

 Your Spells              Type           Power        Failure   Level  Hunger
e - Beastly Appendage     Tmut           #####.       10%         1    None
h - Blade Hands           Tmut           #####.....   43%         5    ######.
k - Sticks to Snakes      Tmut           #####...     12%         2    ##.....
p - Spider Form           Tmut/Pois      ####......   36%         3    ###....


Dungeon Overview and Level Annotations

Branches:
Dungeon (11/15)            Temple (0/1) D:6            Lair (1/6) D:8
    Orc: D:9-12

Shops:
D:7 %   D:10 :

Annotations:
Lair:1 exclusion: 3 oklob plants


Innate Abilities, Weirdness & Mutations

You have an increased reservoir of magic. (+10% MP)


Message History

Your water moccasin bites the seven-headed hydra!
The seven-headed hydra completely misses your water moccasin.
The seven-headed hydra closely misses your water moccasin.
The seven-headed hydra misses your water moccasin.
The seven-headed hydra closely misses your water moccasin.
The seven-headed hydra bites your water moccasin.
Your water moccasin dies!
Casting: Sticks to Snakes
Confirm with . or Enter, or press ? or * to list all spells.
You create 2 snakes!
You now have 48 arrows.
The manticore flicks its tail.
The volley of spikes hits you!
The barbed spikes become lodged in your body.
What are your orders? t - Shout!
Orders for allies: a - Attack new target. p - Attack previous target. r - Retreat! s - Stop attacking. g - Guard the area. f - Follow me.
Anything else - Cancel.
Gang up on whom?
Press: ? - help, Dir - move target cursor, f/p - seven-headed hydra
Aim: a seven-headed hydra (heavily wounded, poisoned) Attack!
Evoke which item? (* to show all) (? for menu, Esc to quit)
Aiming: Cloud Cone
Press: ? - help, Dir - move target cursor, f/p - seven-headed hydra
Aim: a seven-headed hydra (heavily wounded, poisoned)
Okay, then.
The seven-headed hydra bites your ball python.
The seven-headed hydra bites your ball python!
Your ball python dies!
Evoke which item? (* to show all) (? for menu, Esc to quit)
Aiming: Cloud Cone
Press: ? - help, Dir - move target cursor, f/p - seven-headed hydra
Aim: a seven-headed hydra (severely wounded, poisoned) Really cloud your adder?
You create a blast of noxious fumes!
This wand has 3 charges left.
Your adder is engulfed in noxious fumes.
Your adder appears confused.
The manticore is engulfed in noxious fumes.
The manticore flicks its tail.
The volley of spikes hits your adder.
Your adder dies!
Unknown command.
The manticore is engulfed in noxious fumes.
Evoke which item? (* to show all) (? for menu, Esc to quit)
Okay, then.
Throwing (i - inventory. (,) - cycle):
e - 4 poisoned javelins (quivered)
Press: ? - help, Shift-Dir - straight line, f/p - seven-headed hydra
Aim: a seven-headed hydra (noxious fumes, severely wounded, poisoned)
You throw a poisoned javelin.
The poisoned javelin barely misses the seven-headed hydra.
The manticore is engulfed in noxious fumes.
Your ball python bites the manticore but does no damage.
Your adder barely misses the seven-headed hydra.
The manticore is engulfed in noxious fumes.
The manticore appears confused.
The manticore bites you!
* * * LOW HITPOINT WARNING * * *
The manticore claws you.
* * * LOW HITPOINT WARNING * * *
The manticore claws you but does no damage.
Unknown command.
Casting: Sticks to Snakes
Confirm with . or Enter, or press ? or * to list all spells.
Your hands turn into razor-sharp scythe blades.
Your +0 pair of gloves melds into your body.
Your ball python bites the seven-headed hydra.
The seven-headed hydra bites your ball python.
The seven-headed hydra bites your ball python!!
Your ball python dies!
The seven-headed hydra bites your adder!
Your adder dies!
The manticore is engulfed in noxious fumes.
The manticore appears confused.
You slice the manticore!!
The manticore is severely wounded.
You hack one of the seven-headed hydra's heads off!
The six-headed hydra grows two more!
You slice the eight-headed hydra!!
The eight-headed hydra is severely wounded.
Your transformation is almost over.
The eight-headed hydra completely misses you.
The eight-headed hydra bites you!
* * * LOW HITPOINT WARNING * * *
The eight-headed hydra bites you.
* * * LOW HITPOINT WARNING * * *
The eight-headed hydra misses you.
The eight-headed hydra bites you but does no damage. x2
The eight-headed hydra bites you.
* * * LOW HITPOINT WARNING * * *
The eight-headed hydra bites you.
* * * LOW HITPOINT WARNING * * *
You hit the eight-headed hydra.
The eight-headed hydra is almost dead.
The manticore is engulfed in noxious fumes.
The eight-headed hydra closely misses you. x2
The eight-headed hydra barely misses you.
The eight-headed hydra misses you. x2; The eight-headed hydra bites you!
* * * LOW HITPOINT WARNING * * *
The eight-headed hydra bites you!
You die...

#.######.#.....##.
#.######.#.....##.
#........########.
#.........########
#..##.....#....#..
#..##.....#....#..
#.......†.#....#..
#.........#....#..
#@H.......#....#..
#§D§#####.'....###
#§§§#####.#....#
#.§§§.....######
#.§§§§....#
#.........#
#.........#
#...###...# #...#
#...#


You could see an eight-headed hydra and a manticore (confused).

Vanquished Creatures
  Gastronok (D:8)
  A dancing weapon (Volcano)
  A two-headed ogre (D:9)
  3 wizards (Volcano)
  An ugly thing (D:11)
  A manticore (D:8)
  5 toenail golems (Volcano)
  Joseph (D:10)
  A rime drake (Lair:1)
  A komodo dragon (Lair:1)
  Prince Ribbit (D:8)
  3 hippogriffs
  2 wyverns
  Grum (D:8)
  A yak (Lair:1)
  A human (D:7)
  4 hogs (D:7)
  3 soldier ants (D:8)
  Duvessa (D:4)
  A water moccasin (D:8)
  An orc warrior (D:10)
  An ice beast (D:7)
  A sky beast (D:10)
  An ogre (D:6)
  3 wolves
  The ghost of vineage the Chopper, an amateur DsBe of Trog (D:3)
  A necrophage (D:10)
  A phantom (D:8)
  4 centaurs
  A big kobold (D:7)
  4 bullfrogs
  A water moccasin zombie (D:9)
  3 scorpions
  A water moccasin skeleton (D:4)
  8 killer bees (D:8)
  3 howler monkeys
  4 crimson imps
  2 centaur zombies
  3 hounds
  2 jellies
  9 orc priests
  A bullfrog skeleton (D:9)
  2 iguanas
  6 orc wizards
  10 worker ants
  A hound skeleton (D:4)
  2 worker ant zombies (D:5)
  Robin (D:4)
  5 adders
  2 shadow imps (D:6)
  An adder zombie (D:9)
  3 leopard geckos
  24 orcs
  A ball python (D:1)
  2 giant cockroaches (D:2)
  11 goblins
  3 hobgoblins
  6 jackals (D:7)
  3 quokkas
  6 bats
  3 frilled lizards (D:1)
  10 kobolds
  A leopard gecko skeleton (D:5)
  4 rats
  A fungus (D:1)
198 creatures vanquished.

Vanquished Creatures (collateral kills)
  Grinder (D:5)
  A hippogriff (D:10)
  4 soldier ants (D:8)
  2 water moccasins (D:8)
  An ice beast (D:10)
  Dowan (D:4)
  A howler monkey (D:8)
  2 electric eels (D:9)
  A bullfrog skeleton (D:5)
  A worker ant (D:6)
  A howler monkey skeleton (D:10)
  2 adders
  A shadow imp (D:5)
  An ooze (D:1)
  An adder skeleton (D:8)
  6 orcs
  2 giant cockroaches
  3 goblins
  A hobgoblin (D:2)
  A frilled lizard (D:2)
34 creatures vanquished.

Vanquished Creatures (others)
  2 wizards (Volcano)
  An orc (D:9)
  A plant (Lair:1)
4 creatures vanquished.

Grand Total: 236 creatures vanquished

Notes
Turn   | Place    | Note
-------+----------+-------------------------------------------
     0 | D:1      | tidbits the Demigod Transmuter began the quest for the Orb.
     0 | D:1      | Reached XP level 1. HP: 15/15 MP: 5/5
   135 | D:3      | Noticed vineage's ghost (amateur DsBe)
   290 | D:2      | Reached skill level 3 in Unarmed Combat
   309 | D:2      | Reached XP level 2. HP: 22/22 MP: 5/7
   313 | D:2      | Learned a level 2 spell: Sticks to Snakes
   686 | D:3      | Noticed an orc warrior
   701 | D:2      | Reached skill level 4 in Unarmed Combat
   701 | D:2      | Reached XP level 3. HP: 19/27 MP: 5/8
   830 | D:2      | You fall through a shaft for 2 floors!
   869 | D:4      | Reached skill level 2 in Spellcasting
   869 | D:4      | Reached XP level 4. HP: 19/34 MP: 6/11
   874 | D:4      | Learned a level 3 spell: Spider Form
   939 | D:3      | Killed vineage's ghost
   939 | D:3      | Reached skill level 3 in Transmutations
   939 | D:3      | Reached XP level 5. HP: 32/39 MP: 8/12
  1030 | D:4      | Noticed Robin
  1065 | D:4      | Killed Robin
  1287 | D:4      | Noticed Dowan
  1288 | D:4      | Noticed Duvessa
  1315 | D:4      | Reached skill level 5 in Unarmed Combat
  1325 | D:4      | Killed Duvessa
  1325 | D:4      | Reached XP level 6. HP: 6/46 MP: 6/13
  1333 | D:4      | Killed Dowan
  1414 | D:5      | Entered Level 5 of the Dungeon
  1568 | D:5      | Reached skill level 6 in Unarmed Combat
  1691 | D:5      | Noticed Grinder
  1706 | D:5      | Killed Grinder
  1706 | D:5      | Reached XP level 7. HP: 40/51 MP: 5/14
  1754 | D:5      | Reached skill level 7 in Unarmed Combat
  2009 | D:5      | Reached skill level 8 in Unarmed Combat
  2074 | D:5      | Reached skill level 1 in Fighting
  2114 | D:6      | HP: 5/52 [centaur zombie (5)]
  2115 | D:6      | Reached skill level 2 in Dodging
  2507 | D:6      | Reached XP level 8. HP: 59/61 MP: 6/15
  2595 | D:6      | Learned a level 5 spell: Blade Hands
  2596 | D:7      | Noticed a hippogriff
  2599 | D:7      | Reached skill level 2 in Fighting
  2635 | D:6      | Found a staircase to the Ecumenical Temple.
  2696 | D:6      | Reached skill level 4 in Transmutations
  2699 | D:6      | Reached skill level 3 in Dodging
  2854 | D:6      | Noticed a hippogriff
  2868 | D:6      | Killed a hippogriff
  2889 | D:7      | Found Woingem's Food Shop.
  2917 | D:7      | Reached skill level 3 in Fighting
  2969 | D:8      | Noticed Grum
  2970 | D:8      | Reached skill level 4 in Dodging
  2986 | D:8      | Killed Grum
  2986 | D:8      | Reached skill level 5 in Transmutations
  3224 | D:7      | Killed a hippogriff
  3224 | D:7      | Reached skill level 4 in Fighting
  3341 | D:8      | Noticed Gastronok
  3387 | D:8      | Killed Gastronok
  3387 | D:8      | Reached skill level 5 in Fighting
  3387 | D:8      | Reached skill level 6 in Dodging
  3387 | D:8      | Reached skill level 6 in Transmutations
  3387 | D:8      | Reached XP level 9. HP: 64/75 MP: 9/16
  3453 | D:8      | Found a staircase to the Lair.
  3467 | Lair:1   | Entered Level 1 of the Lair of Beasts
  3486 | Lair:1   | Found a basalt altar of Yredelemnul.
  3486 | Lair:1   | Noticed an oklob plant
  3533 | Lair:1   | Found a dark tunnel.
  3543 | Volcano  | Entered a volcano
  3549 | Volcano  | Noticed a wizard
  3553 | Volcano  | Noticed a wizard
  3555 | Volcano  | Noticed a wizard
  3557 | Volcano  | Noticed a toenail golem
  3559 | Volcano  | Noticed a toenail golem
  3564 | Volcano  | Killed a wizard
  3564 | Volcano  | Reached skill level 7 in Transmutations
  3568 | Volcano  | Killed a wizard
  3575 | Volcano  | Killed a wizard
  3575 | Volcano  | Reached skill level 8 in Transmutations
  3575 | Volcano  | Reached XP level 10. HP: 45/83 MP: 10/17
  3583 | Volcano  | Killed a toenail golem
  3589 | Volcano  | Killed a toenail golem
  3600 | Volcano  | Killed a wizard
  3600 | Volcano  | Reached skill level 9 in Transmutations
  3779 | Volcano  | Noticed a wizard
  3784 | Volcano  | Noticed a toenail golem
  3786 | Volcano  | Killed a toenail golem
  3790 | Volcano  | Killed a wizard
  3896 | Volcano  | Noticed a mace of flaming
  3896 | Volcano  | Noticed a toenail golem
  3896 | Volcano  | Noticed a toenail golem
  3903 | Volcano  | Killed a toenail golem
  3908 | Volcano  | Killed a mace of flaming
  3908 | Volcano  | Reached skill level 9 in Unarmed Combat
  3914 | Volcano  | Killed a toenail golem
  3939 | Volcano  | Got a pair of twisted boots
  3957 | Volcano  | Identified the +0 pair of boots of Least Resistance {Dex+5 SInv Stlth-} (You found it in a volcano)
  4025 | Lair:1   | Noticed an oklob plant
  4026 | Lair:1   | Noticed an oklob plant
  4125 | Lair:1   | Reached skill level 3 in Spellcasting
  4394 | D:8      | Noticed a manticore
  4400 | D:8      | Killed a manticore
  4462 | D:9      | Noticed a two-headed ogre
  4468 | D:9      | Killed a two-headed ogre
  4468 | D:9      | Reached skill level 6 in Fighting
  4468 | D:9      | Reached skill level 10 in Unarmed Combat
  4494 | D:9      | Reached XP level 11. HP: 48/89 MP: 12/19
  4526 | D:10     | Entered Level 10 of the Dungeon
  4712 | D:8      | Noticed Prince Ribbit
  4714 | D:8      | Killed Prince Ribbit
  4728 | D:8      | Found a runed gate.
  4733 | D:8      | Found a runed gate.
  4733 | D:8      | Found a runed gate.
  4737 | D:8      | Found a runed door.
  4737 | D:8      | Found a runed door.
  5385 | D:10     | Reached skill level 7 in Dodging
  5449 | D:9      | Reached skill level 11 in Unarmed Combat
  5723 | D:10     | Found Kuzeeqem's Book Shoppe.
  5760 | D:10     | Noticed Joseph
  5777 | D:10     | Killed Joseph
  5777 | D:10     | Reached skill level 7 in Fighting
  5957 | D:11     | Noticed a seven-headed hydra
  5978 | D:11     | HP: 5/92 [eight-headed hydra (13)]
  5978 | D:11     | Mangled by an eight-headed hydra

Skill      XL: |  1  2  3  4  5  6  7  8  9 10 11 |
---------------+----------------------------------+-----
Unarmed Combat | 3 4 5 6 8 10 11 | 11.3
Spellcasting   | 2 3 |  3.3
Transmutations | 3 6 8 9 |  9.3
Fighting       | 1 5 6 7 |  7.1
Dodging        | 2 6 7 |  7.2

Action                   |  1- 3 |  4- 6 |  7- 9 | 10-12 || total
-------------------------+-------+-------+-------+-------++-------
Melee: Unarmed           |    75 |    93 |   212 |   238 ||   618
       Punch             |     5 |       |     1 |     5 ||    11
       Headbutt          |     1 |       |       |       ||     1
       Kick              |    16 |     1 |       |       ||    17
Throw: Javelin           |     3 |       |       |     1 ||     4
 Cast: Beastly Appendage |    20 |     1 |       |       ||    21
       Sticks to Snakes  |     4 |    11 |    33 |    33 ||    81
       Spider Form       |       |    13 |    34 |       ||    47
       Blade Hands       |       |       |       |    36 ||    36
 Abil: End Transformatio |       |       |       |     3 ||     3
Evoke: Wand              |       |       |       |     1 ||     1
  Use: Scroll            |     6 |     1 |     5 |     2 ||    14
       Potion            |       |     3 |     3 |     1 ||     7
 Stab: Sleeping          |     1 |       |     1 |       ||     2
       Distracted        |       |       |     7 |     3 ||    10
  Eat: Chunk             |     1 |     3 |     8 |    17 ||    29
       Meat ration       |       |     1 |       |       ||     1
       Royal jelly       |       |       |       |     2 ||     2
Armor: Robe              |    17 |     4 |     2 |     3 ||    26
       Skin              |       |     7 |     7 |       ||    14
       Leather armour    |       |       |       |    54 ||    54
Dodge: Dodged            |    51 |    67 |   172 |   149 ||   439

Table legend:
 A = Turns spent in this place as a percentage of turns spent in the entire game.
 B = Non-inter-level travel turns spent in this place as a percentage of non-inter-level travel turns spent in the entire game.
 C = Inter-level travel turns spent in this place as a percentage of turns spent in this place.
 D = Turns resting spent in this place as a percentage of non-inter-level travel turns spent in this place.
 E = Turns spent auto-exploring this place as a percentage of non-inter-level travel turns spent in this place.
 F = Non-inter-level travel turns spent in this place divided by the number of levels of this place that you've seen.
                   A       B       C       D       E      F
               +-------+-------+-------+-------+-------+----------------------
         Total | 100.0 | 100.0 |   0.1 |   0.0 |   0.0 | 431.3
       Dungeon |  84.8 |  84.8 |   0.1 |   0.0 |   0.0 | 432.2
          Lair |   8.1 |   8.1 |   0.2 |   0.0 |   0.0 | 455.0
       Volcano |   7.1 |   7.1 |   0.0 |   0.0 |   0.0 | 398.0
               +-------+-------+-------+-------+-------+----------------------

Table legend:
 A = Kills in this place as a percentage of kills in entire the game.
 B = Kills by you in this place as a percentage of kills by you in the entire game.
 C = Kills by friends in this place as a percentage of kills by friends in the entire game.
 D = Other kills in this place as a percentage of other kills in the entire game.
 E = Experience gained in this place as a percentage of experience gained in the entire game.
 F = Experience gained in this place divided by the number of levels of this place that you have seen.
                   A       B       C       D       E      F
               +-------+-------+-------+-------+-------+----------------------
         Total | 100.0 | 100.0 | 100.0 |  -nan | 100.0 | 1542.7
       Dungeon |  93.9 |  92.9 | 100.0 |  -nan |  68.6 | 1251.2
          Lair |   2.2 |   2.5 |   0.0 |  -nan |   6.2 | 1240.0
       Volcano |   3.9 |   4.6 |   0.0 |  -nan |  25.2 | 5052.0
               +-------+-------+-------+-------+-------+----------------------

Vault maps used:
D:1:      dpeg_arrival_short_road, minivault_25, minmay_gold_behind_fungi
D:3:      serial_park_tiny_1
D:4:      uniq_menkaure, uniq_robin, uniq_duvessa
D:5:      first_bread, uniq_grinder
D:6:      minmay_temple_entry_water_ring
D:7:      serial_shops, kennysheep_little_box, grunt_livestock
D:8:      lair_entry_dummy, serial_bayou_lagoon_a,
          minmay_guarded_unrand_staff_of_olgreb, uniq_prince_ribbit1,
          uniq_gastronok, uniq_grum
D:9:      kennysheep_boxes
D:10:     serial_shops, shop, trove_entry_hex_spiral, uniq_joseph
D:11:     basic_altar
Lair:1:   cheibrodos_lair_river_kwai, enter_volcano_1, lemuel_oklob_altar,
          minmay_lair_oklob_chamber
Volcano:  volcano_bunker
